 Dungeon Crawl Stone Soup version 0.28-a0-479-g5baa6b73be (webtiles) character file.

Game seed: 6007291017598473122

115 Shayle the Skirmisher (level 5, -2/57 HPs)
             Began as an Ogre Warper on Sept 17, 2021.
             Slain by a mummy (18 damage)
             ... in an ossuary.
             The game lasted 00:08:36 (3692 turns).

Shayle the Skirmisher (Ogre Warper)                 Turns: 3692, Time: 00:08:37

Health: -2/57      AC:  3    Str: 15    XL:     5   Next: 0%
Magic:  5/8        EV:  9    Int: 15    God:
Gold:   137        SH:  0    Dex:  8    Spells: 3/8 levels left

rFire   . . .      SeeInvis +   p - +1 trident
rCold   . . .      Faith    .   (no shield)
rNeg    . . .      Spirit   .   b - +0 robe
rPois   .          Reflect  .   (helmet restricted)
rElec   .          Harm     .   (no cloak)
rCorr   .          Rampage  .   (gloves unavailable)
Will    +....                   (boots unavailable)
Stlth   +.........              (no amulet)
HPRegen 0.19/turn               e - ring of willpower
MPRegen 0.11/turn               o - ring of see invisible

@: no status effects
A: large, unfitting armour, tough skin 1
a: no special abilities


You were in an ossuary.
You visited 1 branch of the dungeon, and saw 4 of its levels.
You also visited: Ossuary.

You collected 137 gold pieces.

Inventory:

Hand Weapons
 a - a +0 spear
 p - a +1 trident (weapon)
Missiles
 d - 4 boomerangs of dispersal (quivered)
 m - 18 poisoned darts
Armour
 b - a +0 robe (worn)
Jewellery
 e - a ring of willpower (left hand)
 o - a ring of see invisible (right hand)
Scrolls
 c - a scroll of blinking
 i - a scroll of noise
Potions
 f - a potion of degeneration
 g - a potion of might {unknown}
 l - a potion of lignification {unknown}
 n - 2 potions of curing {unknown}


   Skills:
 + Level 5.0 Fighting
 + Level 3.7 Polearms
 - Level 1.0 Throwing
 - Level 2.1 Dodging
 - Level 2.4 Spellcasting
 - Level 2.6 Translocations


You had 3 spell levels left.
You knew the following spells:

 Your Spells              Type           Power      Damage    Failure   Level
a - Blink                 Tloc           N/A        N/A       11%         2
b - Teleport Other        Tloc           9%         N/A       22%         3

Your spell library contained the following spells:

 Spells                   Type           Power      Damage    Failure   Level
 Gell's Gravitas          Tloc           4%         N/A       22%         3
 Lesser Beckoning         Tloc           9%         N/A       22%         3
 Manifold Assault         Tloc           9%         N/A       89%         5


Dungeon Overview and Level Annotations

Branches:
Dungeon (4/15)            Ossuary (1/1)
 Temple: D:4-7

Altars:

Shops:
D:4 =

Annotations:
D:3 Sigmund


Innate Abilities, Weirdness & Mutations

You are too large for most types of armour.
You have tough skin. (AC +1)


Message History

Confirm with . or Enter, or press ? or * to list all spells.
Aiming: Teleport Other (dangerous; 22% risk of failure)
Press: ? - help, Shift-Dir - straight line, f - mummy
Aim: a mummy (chance to affect: 44%)
The mummy looks slightly unstable.
The mummy disappears!
Reach: p) +1 trident
Press: ? - help, Dir - move target, f - mummy
Aim: a mummy (about 27% to evade your +1 trident)
You reach to attack!
You hit the mummy.
The mummy is lightly damaged.
Reach: p) +1 trident
Press: ? - help, Dir - move target, f/p - mummy
Aim: a mummy (lightly damaged, about 27% to evade your +1 trident)
You reach to attack!
You barely miss the mummy.
The mummy is lightly damaged.
You puncture the mummy!
The mummy is heavily damaged.
The mummy hits you.
You puncture the mummy!
You destroy the mummy!
The mummy hits you but does no damage.
Your Fighting skill increases to level 5!
You have reached level 5!
You hit the mummy.
The mummy is lightly damaged.
The mummy hits you!
You hit the mummy.
The mummy is lightly damaged.
You puncture the mummy!
The mummy is severely damaged.
The mummy hits you.
You hit the mummy.
The mummy is almost destroyed.
The mummy hits you!
* * * LOW HITPOINT WARNING * * *
You barely miss the mummy.
The mummy is almost destroyed.
The mummy hits you!!
You die...

#######
#.#.#.#
#.....#
#...#
#.∩.#
#..M#
#.@.#
#...#
##+##


You could see a mummy.

Vanquished Creatures
  2 mummies
  A howler monkey zombie (D:3)
  2 adders
  2 worms (D:3)
  3 dart slugs
  An orc (D:3)
  4 bats
  6 endoplasms
  2 giant cockroaches
  4 goblins
  2 hobgoblins (D:2)
  3 jackals (D:3)
  2 kobolds (D:3)
  2 quokkas
  3 ball pythons
  4 frilled lizards (D:1)
  A kobold zombie (D:4)
  An orc zombie (D:4)
  3 rats
48 creatures vanquished.

Vanquished Creatures (others)
  2 fungi (D:1)
  A plant (D:1)
3 creatures vanquished.

Grand Total: 51 creatures vanquished

Notes
Turn   | Place    | Note
-------+----------+-------------------------------------------
     0 | D:1      | Shayle the Ogre Warper began the quest for the Orb.
     0 | D:1      | Reached XP level 1. HP: 22/22 MP: 3/3
   187 | D:1      | Reached skill level 3 in Fighting
   498 | D:1      | Reached XP level 2. HP: 20/31 MP: 5/5
  1044 | D:1      | Found a faded altar of an unknown god.
  1273 | D:2      | Reached XP level 3. HP: 21/39 MP: 6/6
  1903 | D:2      | Reached skill level 4 in Fighting
  2698 | D:3      | Reached XP level 4. HP: 36/49 MP: 7/7
  3195 | D:3      | Learned a level 2 spell: Blink
  3199 | D:3      | Learned a level 3 spell: Teleport Other
  3344 | D:3      | Noticed Sigmund
  3376 | D:4      | Found Ruodir's Jewellery Shoppe.
  3411 | D:4      | Noticed a scorpion
  3665 | D:4      | Found a sand-covered staircase.
  3678 | Ossuary  | Entered an ossuary
  3688 | Ossuary  | Reached skill level 5 in Fighting
  3688 | Ossuary  | Reached XP level 5. HP: 43/57 MP: 4/8
  3692 | Ossuary  | Slain by a mummy

Illustrated notes

Levels and vault maps discovered:
D:1:      minmay_arrival_solitary_statue, layout_basic,
          dreamdust_ecumenical_altar_hidden_monk_grotto
D:2:      layout_basic, minmay_misc_feat_rugged
D:3:      layout_loops_ring, grunt_ministairs_2, uniq_sigmund
D:4:      layout_cave_pools, mainiacjoe_overflow_24_doors,
          minmay_temple_entry_waves, serial_shops, shop,
          nicolae_ossuary_entry_giza, nicolae_shop_overcharged_wands,
          uniq_natasha
Ossuary:  ossuary_minmay_chase

Skill      XL: |  1  2  3  4 |
---------------+-------------+-----
Fighting       | 3 4 5 |  5.0
Polearms       | 3 |  3.7
Throwing       | |  1.0
Dodging        | |  2.1
Spellcasting   | |  2.4
Translocations | |  2.6

Action                   |  1- 3 |  4- 6 || total
-------------------------+-------+-------++-------
Melee: Spear             |   178 |       ||   178
       Trident           |     4 |    67 ||    71
Throw: Boomerang         |     1 |       ||     1
 Cast: Teleport Other    |       |     3 ||     3
  Use: Scroll            |       |     7 ||     7
 Stab: Distracted        |     1 |       ||     1
Armor: Robe              |    41 |    13 ||    54
Dodge: Dodged            |    65 |    22 ||    87

Table legend: (Time is in decaauts)
 A = Elapsed time spent in this place.
 B = Non-inter-level travel time spent in this place.
 C = Inter-level travel time spent in this place.
 D = Time resting spent in this place.
 E = Time spent auto-exploring this place.
 F = Levels seen in this place.
 G = Mean time per level.
                   A        B        C        D        E       F      G
               +--------+--------+--------+--------+--------+-----+--------+
         Total |   3692 |   3584 |    108 |    506 |   2452 |   5 |  738.4 |
       Dungeon |   3677 |   3569 |    108 |    506 |   2452 |   4 |  919.2 |
       Ossuary |     14 |     14 |      0 |      0 |      0 |   1 |   14.0 |
               +--------+--------+--------+--------+--------+-----+--------+

Top non-repeatable levels by time:
     D:1: 1183 daAuts
     D:2: 1137 daAuts
     D:3: 1033 daAuts
     D:4: 324 daAuts
 Ossuary: 14 daAuts
